 Dungeon Crawl Stone Soup version 0.31.0-11-ge490571c62 (webtiles) character file.

Game seed: 10400247828378670067

54 qw the Shooter (level 3, 0/18 HPs)
             Began as a Spriggan Hunter on Feb 4, 2024.
             Succumbed to a water moccasin's poison
             ... on level 6 of the Dungeon.
             The game lasted 00:00:04 (1643 turns).

qw the Shooter (Spriggan Hunter)                    Turns: 1643, Time: 00:00:05

Health: 0/18       AC:  2    Str:  7    XL:     3   Next: 66%
Magic:  4/4        EV: 19    Int: 10    God:
Gold:   48         SH:  0    Dex: 20    Spells: 2/2 levels left

rFire   . . .        a - +0 shortbow
rCold   . . .        (shield currently unavailable)
rNeg    . . .        c - +0 robe
rPois   .            (helmet restricted)
rElec   .            (no cloak)
rCorr   .            (gloves unavailable)
SInv    +            (boots unavailable)
Will    .....        (no amulet)
Stlth   ++           (no ring)
HPRegen 0.23/turn    (no ring)
MPRegen 0.09/turn

%: no passive effects
@: lethally poisoned (0 -> -9), very quick
A: very small, no large weapons, unfitting armour, see invisible, speed 3
a: no special abilities


You were on level 6 of the Dungeon.
You visited 1 branch of the dungeon, and saw 4 of its levels.

You collected 48 gold pieces.


Innate Abilities, Weirdness & Mutations

You are very small and have problems with some larger weapons.
You are too small for most types of armour.
You have supernaturally acute eyesight. (SInv)
You cover ground extremely quickly. (Speed+++)


   Skills:
 - Level 1.5 Fighting
 + Level 4.9 Ranged Weapons
 - Level 4.0 Dodging
 - Level 1.5 Stealth


You had 2 spell levels left.
You didn't know any spells.
Your spell library was empty.

Inventory:

Hand Weapons
 a - a +0 shortbow (weapon)
Armour
 c - a +0 robe (worn)
Potions
 f - a potion of ambrosia {unknown}

Dungeon Overview and Level Annotations

Branches:
Dungeon (3/15)

Altars:
Dithmenos
Sif Muna


Message History

You shoot an arrow. The arrow barely misses the goblin.
You shoot an arrow. The arrow hits the goblin.
You kill the goblin!
A kobold comes into view. It is wielding a +0 short sword.
A malevolent force fills the Dungeon...
You fall into a shaft and drop 3 floors!
The shaft crumbles and collapses.
Waypoint 3 assigned to D:6.
You open the door.
There is an open door here.
You open the door.
There is an open door here.
You open the door.
There is an open door here.
You open the door.
Found a shimmering blue altar of Sif Muna.
There is an open door here.
You open the door.
There is an open door here.
You open the door.
A water moccasin comes into view.
The water moccasin hisses angrily.
There is an open door here.
You shoot an arrow. The arrow misses the water moccasin.
You shoot an arrow.
The arrow hits the water moccasin but does no damage.
The water moccasin bites you!
Ouch! That really hurt!
You shoot an arrow.
The arrow completely misses the water moccasin.
The water moccasin barely misses you. The water moccasin bites you.
You are lethally poisoned!
The water moccasin poisons you!
You shoot an arrow. The arrow misses the water moccasin.
You feel very sick. The water moccasin misses you.
The water moccasin completely misses you.
You shoot an arrow.
The arrow completely misses the water moccasin.
You die...

#############
#.....S......
###+###@###+
#..#.......#
###..#.......#
###.+..+###'###+
#...#..#.'...+
#...#..#.#...#
#...'##'.#._.#
#...#..#.#...#
#...#..#.+...+


You could see a water moccasin.

Vanquished Creatures
  2 adders (D:2)
  A ribbon worm (D:2)
  An orc (D:2)
  5 endoplasms
  A giant cockroach (D:1)
  2 goblins
  A hobgoblin (D:1)
  2 jackals (D:2)
  A quokka (D:1)
  5 ball pythons
  2 bats (D:1)
  4 frilled lizards (D:2)
  5 kobolds
  2 rats (D:1)
34 creatures vanquished.

Notes
Turn   | Place    | Note
-------+----------+-------------------------------------------
     0 | D:1      | qw the Spriggan Hunter began the quest for the Orb.
     0 | D:1      | Reached XP level 1. HP: 10/10 MP: 2/2
     0 | D:1      | 0 ||| qw: Version: 0.3-a-160-g6735b56
     0 | D:1      | 0 ||| qw: Game counter: 4702
     0 | D:1      | 0 ||| qw: Melee chars always use a shield: true
     0 | D:1      | 0 ||| qw: God list: Okawaru
     0 | D:1      | 0 ||| qw: Allow faded altars: false
     0 | D:1      | 0 ||| qw: Do Orc after clearing Dungeon:15 true
     0 | D:1      | 0 ||| qw: Do second Lair branch before Depths: true
     0 | D:1      | 0 ||| qw: Lair rune preference: random
     0 | D:1      | 0 ||| qw: Goals: Normal
     0 | D:1      | 0 ||| PLANNING D:1-11
   125 | D:1      | Reached skill level 3 in Dodging
   208 | D:1      | Reached XP level 2. HP: 11/14 MP: 3/3
   873 | D:1      | 873 ||| READING scroll labelled ANYNKOIPYOR.
   874 | D:1      | 874 ||| READING scroll labelled GEYGHI WUIXUS.
   877 | D:1      | 877 ||| DROPPING scroll of butterflies.
   970 | D:2      | Found a shadowy altar of Dithmenos.
  1118 | D:2      | Reached XP level 3. HP: 18/18 MP: 4/4
  1550 | D:2      | 1550 ||| READING scroll labelled POATUACAENO.
  1615 | D:3      | You fall into a shaft and drop 3 floors!
  1629 | D:6      | Found a shimmering blue altar of Sif Muna.
  1638 | D:6      | Noticed a water moccasin
  1642 | D:6      | HP: 1/18 [poisoned by a water moccasin]
  1643 | D:6      | Succumbed to a water moccasin's poison

Levels and vault maps discovered:
D:1:      dpeg_arrival_solitude, layout_basic, feat_on_display
D:2:      layout_basic, basic_altar
D:3:      layout_loops_cross, chequers_ecumenical_altar_twisty,
          grunt_ministairs_10, kennysheep_another_room, st_stairs_6
D:6:      layout_basic, mainiacjoe_overflow_24_doors, zin_treasury,
          mainiacjoe_overflow_tiny_flanked

Skill      XL: |  1  2 |
---------------+-------+-----
Dodging        | 3 4 |  4.0
Fighting       | |  1.5
Ranged Weapons | |  4.9
Stealth        | |  1.5

Action                     || total
---------------------------++-------
   Fire: Shortbow          ||    88
    Use: Scroll            ||     3
 Armour: Robe              ||    12
  Dodge: Dodged            ||    29

Table legend:
 A = Non-vault XP
 B = Vault XP
 C = Vault XP percentage of total XP
 D = Non-vault monster count
 E = Vault monster count
 F = Vault count percentage of total count
                 A         B        C        D         E       F
            +---------+---------+-------+---------+---------+-------
      Total |      76 |       2 |   2.6 |      33 |       1 |   2.9
            +---------+---------+-------+---------+---------+-------
        D:1 |      22 |       0 |   0.0 |      15 |       0 |   0.0
        D:2 |      54 |       0 |   0.0 |      18 |       0 |   0.0
        D:3 |       0 |       2 | 100.0 |       0 |       1 | 100.0
            +---------+---------+-------+---------+---------+-------
